 Dungeon Crawl Stone Soup version 0.19.1 (webtiles) character file.

404 Kasbe the Poker (level 6, -2/56 HPs)
             Began as a Minotaur Berserker on Dec 10, 2016.
             Was a Priest of Trog.
             Shot with an arrow by a centaur (14 damage)
             ... on level 5 of the Dungeon.
             The game lasted 00:26:17 (2618 turns).

Kasbe the Poker (Minotaur Berserker)                Turns: 2618, Time: 00:26:18

Health: -2/56      AC:  9    Str: 24    XL:     6   Next: 56%
Magic:  5/5        EV:  9    Int:  4    God:    Trog [***...]
Gold:   175        SH:  0    Dex:  9    Spells: 0 memorised, 5 levels left

rFire  . . .     SeeInvis .     y - +2 long sword (holy)
rCold  . . .     Gourm    .     k - +0 chain mail
rNeg   . . .     Faith    .     (no shield)
rPois  .         Spirit   .     (helmet restricted)
rElec  .         Reflect  .     (no cloak)
rCorr  .         Harm     .     (no gloves)
MR     .....                    (no boots)
Stlth  ..........               (no amulet)
                                (no ring)
                                (no ring)

@: no status effects
A: retaliatory headbutt, horns 2
a: Berserk, Trog's Hand, Burn Spellbooks, Renounce Religion


You were on level 5 of the Dungeon.
You worshipped Trog.
Trog was most pleased with you.
You were not hungry.

You visited 2 branches of the dungeon, and saw 6 of its levels.

You collected 175 gold pieces.

Inventory:

Hand Weapons
 a - a +0 spear
 f - a +0 long sword
 m - a +0 trident
 n - a +0 hand crossbow
 s - a +0 spear
 t - a cursed -3 flail
 y - a +2 long sword of holy wrath (weapon)
 C - a cursed -3 hunting sling
Missiles
 h - 48 arrows
 q - 27 poisoned needles
 u - 16 bolts
Armour
 b - a +0 animal skin
 k - a +0 chain mail (worn)
 B - a +0 helmet
Scrolls
 e - 2 scrolls of random uselessness {unknown}
 i - 3 scrolls of remove curse {unknown}
 l - 2 scrolls of amnesia {unknown}
 v - a scroll of noise {unknown}
 x - a scroll of teleportation {unknown}
 z - a scroll of enchant weapon {unknown}
Potions
 g - a potion of invisibility {unknown}
 j - 3 potions of curing {unknown}
 o - 2 potions of haste {unknown}
 p - 3 potions of lignification {unknown}
 r - a potion of flight {unknown}
 w - 2 potions of cancellation {unknown}
Comestibles
 c - 3 bread rations
 d - 8 fruits
 A - 3 chunks of flesh


   Skills:
 + Level 5.1 Fighting
 + Level 2.7 Long Blades
 + Level 5.7 Polearms
 + Level 4.8 Armour
 + Level 2.9 Dodging
 + Level 0.3 Stealth


You had 5 spell levels left.
You didn't know any spells.

Dungeon Overview and Level Annotations

Branches:
Dungeon (5/15)             Temple (1/1) D:4

Altars:
Ashenzari
Cheibriados
Elyvilon
Kikubaaqudgha
Makhleb
Nemelex Xobeh
Qazlal
Sif Muna
Trog
Vehumet
Xom
Yredelemnul
Zin
The Shining One


Innate Abilities, Weirdness & Mutations

You reflexively headbutt those who attack you in melee.
You have a pair of horns on your head.


Message History

You headbutt the worker ant!
You kill the worker ant!
Trog accepts your kill.
A centaur comes into view.
The centaur shouts!
The centaur wields a shortbow.
The centaur shoots an arrow.
The arrow hits you.
You see here an arrow.
The centaur shoots an arrow.
The arrow hits you!
You see here an arrow.
The centaur shoots an arrow.
The arrow hits you!
* * * LOW HITPOINT WARNING * * *
A worker ant comes into view.
You see here an arrow.
The centaur shoots an arrow.
The arrow hits you.
* * * LOW HITPOINT WARNING * * *
Found a stone staircase leading down.
You see here an arrow.
You see here an arrow.
The centaur shoots an arrow.
The arrow hits you!
You die...

# . ### ###. #.>
...# #.# #.a##.#
###.....#
........#####
......c((@(.###
#....####.....##
... ###.<..# #
###....# ##..#
###


You could see a centaur and a worker ant.

Vanquished Creatures
  A water moccasin (D:4)
  A hound (D:4)
  An orc priest (D:4)
  An orc wizard (D:4)
  4 worker ants
  6 adders
  An ooze (D:1)
  2 dart slugs (D:2)
  A leopard gecko (D:3)
  9 orcs
  A ball python (D:2)
  3 giant cockroaches
  4 goblins
  6 hobgoblins
  4 jackals (D:4)
  3 quokkas
  7 bats
  2 frilled lizards
  A jackal skeleton (D:4)
  3 kobolds
  6 rats
67 creatures vanquished.

Notes
Turn   | Place    | Note
-------+----------+-------------------------------------------
     0 | D:1      | Kasbe the Minotaur Berserker began the quest for the Orb.
     0 | D:1      | Reached XP level 1. HP: 19/19 MP: 0/0
   190 | D:1      | Reached XP level 2. HP: 24/27 MP: 1/1
   448 | D:2      | Reached XP level 3. HP: 33/34 MP: 2/2
   449 | D:2      | Reached ** piety under Trog
   481 | D:2      | Found a shattered altar of Ashenzari.
   870 | D:3      | Reached XP level 4. HP: 39/41 MP: 3/3
   962 | D:3      | Reached skill level 5 in Polearms
  1312 | D:4      | Reached XP level 5. HP: 33/47 MP: 4/4
  1586 | D:4      | Found a staircase to the Ecumenical Temple.
  1595 | Temple   | Entered the Ecumenical Temple
  1723 | D:4      | Noticed a water moccasin
  1732 | D:4      | Killed a water moccasin
  1732 | D:4      | Reached skill level 5 in Fighting
  1732 | D:4      | Reached skill level 1 in Long Blades
  1976 | D:4      | Reached XP level 6. HP: 33/56 MP: 5/5
  2343 | D:5      | Entered Level 5 of the Dungeon
  2589 | D:4      | Reached *** piety under Trog
  2618 | D:5      | Shot with an arrow by a centaur

Skill      XL: |  1  2  3  4  5  6 |
---------------+-------------------+-----
Fighting       | 4 5 |  5.1
Polearms       | 4 5 |  5.7
Armour         | 3 4 |  4.8
Long Blades    | 1 2 |  2.7
Dodging        | |  2.9
Stealth        | |  0.3

Action                   |  1- 3 |  4- 6 || total
-------------------------+-------+-------++-------
Melee: Spear             |    75 |    53 ||   128
       Headbutt          |    14 |    26 ||    40
       Long sword        |       |    55 ||    55
Invok: Trog's Hand       |       |     2 ||     2
       Burn Spellbooks   |       |     1 ||     1
       Berserk           |       |     1 ||     1
  Eat: Chunk             |       |     5 ||     5
       Beef jerky        |       |     1 ||     1
       Fruit             |       |     1 ||     1
Armor: Animal skin       |     2 |       ||     2
       Chain mail        |    45 |    79 ||   124
Dodge: Dodged            |    36 |    60 ||    96
       Rpst.: Long sword |       |     7 ||     7
